 Dungeon Crawl Stone Soup version 0.27.0-1-g7a089689b8 (webtiles) character file.

Game seed: 18327204460647074496

466 ABBCCCDDDD the Slasher (level 7, 0/53 HPs)
             Began as a Djinni Fighter on Aug 5, 2021.
             Was a Believer of Nemelex Xobeh.
             Slain by a jelly (2 damage)
             ... on level 4 of the Dungeon.
             The game lasted 00:09:45 (5298 turns).

ABBCCCDDDD the Slasher (Djinni Fighter)             Turns: 5298, Time: 00:09:46

Health: 0/53       AC: -6    Str: 17    XL:     7   Next: 30%
Gold:   146        EV:  4    Int:  9    God:    Nemelex Xobeh [**....] SH:  9 Dex: 13

rFire    + + .     SeeInvis .   a - +0 long sword
rCold    x . .     Faith    .   c - +0 kite shield
rNeg     . . .     Spirit   .   r - +0 chain mail
rPois    ∞         Reflect  .   (no helmet)
rElec    .         Harm     .   (no cloak)
rCorr    .         Rampage  .   (no gloves)
Will     .....                  (boots unavailable)
Stlth    ..........             (no amulet)
HPRegen  0.17/turn              (no ring)
MPRegen  0.00/turn              (no ring)

@: mighty, silenced, corroded, flying
A: sickness immunity, fire resistance 2, cold vulnerability 1, float, innate
caster, hp casting, extra vitality 1
a: Renounce Religion


You were on level 4 of the Dungeon.
You worshipped Nemelex Xobeh.
Nemelex Xobeh was pleased with you.
You visited 1 branch of the dungeon, and saw 4 of its levels.

You collected 146 gold pieces.

Inventory:

Hand Weapons
 a - a +0 long sword (weapon)
 e - a +0 short sword
 p - a +1 whip of venom
Missiles
 q - 2 atropa-tipped darts (quivered)
Armour
 b - a +0 scale mail
 c - a +0 kite shield (worn)
 n - a +0 plate armour
 r - a +0 chain mail (worn)
Scrolls
 o - a scroll of teleportation {unknown}
 s - a scroll of amnesia {unknown}
 t - a scroll of immolation {unknown}
 v - a scroll of noise {unknown}
Potions
 d - a potion of might
 g - 2 potions of curing
 h - a potion of flight {unknown}
 i - a potion of resistance {unknown}
 k - a potion of haste {unknown}
 l - a potion of degeneration {unknown}
 u - a potion of magic {unknown}


   Skills:
 + Level 4.7 Fighting
 * Level 5.1 Long Blades
 - Level 3.0 Armour
 - Level 4.2 Shields


You had one spell level left.
You knew the following spells:

 Your Spells              Type           Power      Damage    Failure   Level
a - Magic Dart            Conj           0%         1d3       100%        1
b - Corpse Rot            Necr/Air       N/A        N/A       100%        2
c - Wereblood             Tmut           0%         N/A       100%        2
Your spell library was empty.


Dungeon Overview and Level Annotations

Branches:
Dungeon (4/15)
 Temple: D:4-7

Altars:
Gozag
Nemelex Xobeh
Wu Jian

Shops:
D:4 *

Annotations:
D:4 Natasha


Innate Abilities, Weirdness & Mutations

You are immune to sickness and miasma.
You are immune to poison.
Your flesh is very heat resistant. (rF++)
You are vulnerable to cold. (rC-)
You float through the air rather than walking.
You learn spells naturally, not from books.
Your magical power is your life essence.
You have superior vitality. (+4 HP)


Message History

You hit the giant cockroach.
The giant cockroach is severely wounded.
The giant cockroach bites you but does no damage.
You barely miss the giant cockroach.
The giant cockroach is severely wounded.
The jelly quivers.
The giant cockroach barely misses you.
The giant cockroach bites you but does no damage.
You hit the giant cockroach.
You kill the giant cockroach!
Throw: 3 darts (atropa)
Press: ? - help, Q - select action, (/) - cycle Shift-Dir - straight line, f - jelly
Aim: a jelly (89% to hit, chance to blind on hit: 75%)
You throw an atropa-tipped dart. The atropa-tipped dart hits the jelly.
The jelly resists.
Your shield and chain mail prevent you from hitting the jelly.
The jelly hits you. The acid corrodes you!
You are splashed with acid!
You hit the jelly. The acid corrodes you!
Your hands burn!
The jelly is moderately wounded.
The jelly hits you. The acid corrodes you!
You are splashed with acid!
The jelly hits you. The acid corrodes you!
You are splashed with acid!
As you read the scroll labelled AMUERI TARPHIO, it crumbles to dust.
A profound silence engulfs you.
It was a scroll of silence.
The jelly completely misses you.
You riposte.
Your chain mail prevents you from hitting the jelly.
The jelly is moderately wounded.
Magic scrolls do not work when you're silenced!
You feel very mighty all of a sudden. The jelly hits you.
The acid corrodes you!
You are splashed with acid!
* * * LOW HITPOINT WARNING * * *
You hit the jelly.
Your hands burn!
* * * LOW HITPOINT WARNING * * *
The jelly is moderately wounded.
You block the jelly's attack.
You hit the jelly but do no damage.
Your hands burn!
* * * LOW HITPOINT WARNING * * *
The jelly is moderately wounded.
The jelly hits you.
You die...
Your body glows slightly and disappears.

≈≈≈....######.#.#...........#####
..≈≈≈≈......#...#...>............
⌠....≈......##..#...........#####
..._........##..#...........#
⌠....≈.......[.>#######.#####
..≈≈≈≈......###########J#
≈≈≈...................§.#
#####.......#############
#.........(J@†......
#####.......########..##
....#######.# ###.# #.# #.# #.#
#.# #.# #.# #.# #.# #.# #.# #.#


You could see a jelly.

Vanquished Creatures
  A water moccasin (D:4)
  A water moccasin skeleton (D:3)
  A howler monkey (D:4)
  Natasha (D:4)
  2 orc wizards
  4 gnolls (D:3)
  5 adders
  2 ufetubi (D:4)
  3 worms
  A dart slug (D:4)
  8 orcs
  7 ball pythons
  11 endoplasms
  3 giant cockroaches
  4 goblins
  8 hobgoblins
  6 jackals (D:1)
  7 quokkas
  2 bats (D:1)
  3 frilled lizards
  12 kobolds
  7 rats
99 creatures vanquished.

Notes
Turn   | Place    | Note
-------+----------+-------------------------------------------
     0 | D:1      | ABBCCCDDDD the Djinni Fighter began the quest for the Orb.
     0 | D:1      | Reached XP level 1. HP: 20/20 MP: 0/0
   271 | D:1      | Reached skill level 2 in Long Blades
   319 | D:1      | Reached XP level 2. HP: 25/25 MP: 0/0
   641 | D:1      | Found a faded altar of an unknown god.
   651 | D:1      | Reached XP level 3. HP: 30/30 MP: 0/0
   651 | D:1      | Learned a level 1 spell: Magic Dart
   729 | D:1      | Became a worshipper of Nemelex Xobeh the Trickster
   729 | D:1      | Reached * piety under Nemelex Xobeh
  1334 | D:2      | Received a gift from Nemelex Xobeh
  1464 | D:2      | Reached XP level 4. HP: 35/35 MP: 0/0
  2230 | D:2      | Reached skill level 3 in Long Blades
  2435 | D:3      | Noticed an ogre
  2889 | D:3      | Reached XP level 5. HP: 29/41 MP: 0/0
  2889 | D:3      | Learned a level 2 spell: Corpse Rot
  3411 | D:3      | Reached XP level 6. HP: 35/47 MP: 0/0
  3511 | D:3      | Reached skill level 4 in Long Blades
  3523 | D:3      | Reached ** piety under Nemelex Xobeh
  3704 | D:3      | Received a gift from Nemelex Xobeh
  3857 | D:4      | Noticed a black bear
  4218 | D:4      | Noticed Natasha
  4219 | D:4      | Found an ornate altar of the Wu Jian Council.
  4228 | D:4      | Killed Natasha
  4479 | D:4      | Noticed a water moccasin
  4493 | D:4      | Killed a water moccasin
  4494 | D:4      | Reached XP level 7. HP: 36/53 MP: 0/0
  4494 | D:4      | Learned a level 2 spell: Wereblood
  4707 | D:4      | Reached skill level 5 in Long Blades
  4839 | D:4      | Found an opulent altar of Gozag.
  4843 | D:4      | Found Gozag's Platinum Reserve.
  4865 | D:4      | Noticed Natasha
  5298 | D:4      | HP: 2/53 [acid (5)]
  5298 | D:4      | Slain by a jelly

Illustrated notes

Levels and vault maps discovered:
D:1:      eino_arrival_tree_alley, layout_basic,
          shapermc_ecumenical_altar_starsandcircs
D:2:      layout_basic
D:3:      layout_rooms
D:4:      layout_basic, nicolae_gozag_zags_fifth_avenue, old_standard_altar,
          lemuel_another_geyser, uniq_natasha

Skill      XL: |  1  2  3  4  5  6  7 |
---------------+----------------------+-----
Long Blades    | 2 3 4 5 |  5.1
Fighting       | 4 |  4.7
Shields        | 4 |  4.2
Armour         | |  3.0

Action                   |  1- 3 |  4- 6 |  7- 9 || total
-------------------------+-------+-------+-------++-------
Melee: Long sword        |   113 |   229 |    33 ||   375
       Short sword       |     2 |       |       ||     2
Throw: Dart              |       |       |     1 ||     1
  Use: Potion            |       |     2 |     1 ||     3
       Scroll            |       |       |     4 ||     4
Armor: Scale mail        |    49 |    57 |       ||   106
       Chain mail        |       |    74 |    10 ||    84
Dodge: Dodged            |    27 |    67 |     5 ||    99
Block: Kite shield       |    66 |   124 |    10 ||   200
       Rpst.: Long sword |    11 |    18 |     1 ||    30
